 Dungeon Crawl Stone Soup version 0.30-a0-634-g8abc85282e (webtiles) character file.

Game seed: 6398275318422264918

323 wormed the Changer (level 6, -2/41 HPs)
             Began as an Octopode Transmuter on Jan 14, 2023.
             Slain by a kobold brigand
             ... wielding a +0 club
              (8 damage)
             ... on level 4 of the Dungeon.
             The game lasted 00:03:27 (3587 turns).

wormed the Changer (Octopode Transmuter)            Turns: 3587, Time: 00:03:27

Health: -2/41      AC:  1    Str:  9    XL:     6   Next: 47%
Magic:  3/10       EV: 13    Int: 17    God:
Gold:   147        SH:  0    Dex: 13    Spells: 3/10 levels left

rFire   . . .      SeeInvis .      - Unarmed
rCold   . . .      Faith    .    (no shield)
rNeg    . . .      Spirit   .    (helmet currently unavailable)
rPois   .          Reflect  .    f - amulet of the acrobat
rElec   .          Harm     .    (no ring)
rCorr   .          Rampage  .    (no ring)
Will    .....                    (no ring)
Stlth   ++                       (no ring)
HPRegen 0.26/turn                (no ring)
MPRegen 0.12/turn                (no ring)
                                 (no ring)
                                 (no ring)

@: lethally poisoned (-2 -> -3), appendages, wereblooded, very slightly
contaminated
A: tentacle spike 3, almost no armour, amphibious, 8 rings, camouflage 1,
gelatinous body 1, (nimble swimmer 1), tentacles
a: End Transformation


You were on level 4 of the Dungeon.
One of your tentacles had grown a beastly spike.
You visited 1 branch of the dungeon, and saw 4 of its levels.

You collected 169 gold pieces.
You spent 22 gold pieces at shops.

Inventory:

Jewellery
 f - an amulet of the acrobat (around mantle)
Wands
 i - a wand of paralysis (1)
 k - a wand of roots (9)
Scrolls
 g - 2 scrolls of identify
 l - a scroll of enchant weapon {unknown}
 m - a scroll of butterflies {unknown}
 n - a scroll of enchant armour {unknown}
Potions
 a - 2 potions of lignification
 b - 4 potions of magic
 c - 2 potions of flight {unknown}
 d - 2 potions of curing {unknown}
 e - a potion of haste {unknown}
 h - a potion of might {unknown}
 j - a potion of mutation {unknown}


   Skills:
 + Level 2.4 Fighting
 + Level 3.0 Dodging
 + Level 3.8 Unarmed Combat
 + Level 2.8 Spellcasting
 * Level 3.9 Transmutations
 + Level 2.1 Ice Magic


You had 3 spell levels left.
You knew the following spells:

 Your Spells              Type           Power      Damage    Failure   Level
a - Beastly Appendage     Tmut           30%        N/A       3%          1
b - Wereblood             Tmut           15%        N/A       5%          2
c - Ice Form              Ice/Tmut       12%        N/A       45%         4

Your spell library contained the following spells:

 Spells                   Type           Power      Damage    Failure   Level
 Spider Form              Tmut/Pois      9%         N/A       24%         3


Dungeon Overview and Level Annotations

Branches:
Dungeon (4/15)
 Temple: D:4-7

Altars:
Sif Muna

Shops:
D:2 *


Innate Abilities, Weirdness & Mutations

One of your tentacles has grown a beastly spike.
You cannot wear most types of armour.
You are amphibious.
You can wear up to eight rings at the same time.
Your skin changes colour to match your surroundings (Stealth+).
Your rubbery body absorbs attacks. (AC +1, EV +1)
((You are camouflaged when in or above water. (Stealth+)))
You have tentacles for arms and can constrict up to eight enemies at once.


Message History

You see here a ball python corpse.
You howl as the wereblood boils in your veins!
You howl as the wereblood boils in your veins!
Your primal bloodlust is almost over.
Your transformation is almost over.
Your primal bloodlust has ended.
You warm up again.
A kobold brigand comes into view.
It is wielding a +0 club and quivering poisoned darts.
The kobold brigand shouts!
A kobold brigand is nearby!
A kobold brigand is nearby!
A kobold brigand is nearby!
Casting: Wereblood (safe; 5% risk of failure)
Confirm with . or Enter, or press ? or * to list all spells.
The spell is extremely dangerous to miscast (45% risk of failure)!
Continue anyway?
You miscast Ice Form.
You are very lightly contaminated with residual magic.
A chill runs through your body!
The kobold brigand throws a poisoned dart.
The poisoned dart hits you!
You are poisoned.
You feel sick.
You feel sick. The kobold brigand closely misses you.
Casting: Ice Form (extremely dangerous; 45% risk of failure)
Confirm with . or Enter, or press ? or * to list all spells.
Your blood is infused with primal strength.
You feel sick.
The kobold brigand hits you with a +0 club!
Casting: Wereblood (safe; 5% risk of failure)
Confirm with . or Enter, or press ? or * to list all spells.
One of your tentacles grows a vicious spike.
You feel sick.
The kobold brigand hits you with a +0 club!
* * * LOW HITPOINT WARNING * * *
You tentacle-slap the kobold brigand but do no damage.
You grab the kobold brigand.
You constrict the kobold brigand, but do no damage.
You feel sick.
The kobold brigand hits you with a +0 club!
You die...

##†..#...#...##
##.##
#...##......#
#...#
#....#......#
#.#'#
#....####..⌠#
###.##
#.......#####
##...#
##.........#
+.....
#.........#
##...#
##.......#
##.##
#..@....#...
#''.
##K....##...
##.## ##...##
... ##...#
......
...+.....
.....##
###.##...#
#...#..
....##.##
#...#### #..#'#
##### #...##
###..#


You could see a kobold brigand.

Vanquished Creatures
  A phantom (D:4)
  A necrophage (D:4)
  A jelly (D:4)
  Natasha (twice) (D:3)
  5 adders
  3 worms
  2 dart slugs
  3 orcs
  5 ball pythons
  5 bats
  4 endoplasms
  3 giant cockroaches
  6 goblins
  4 hobgoblins
  3 jackals (D:1)
  A frilled lizard (D:2)
  4 kobolds
  2 rats
55 creatures vanquished.

Vanquished Creatures (others)
  7 fungi (D:2)
7 creatures vanquished.

Grand Total: 62 creatures vanquished

Notes
Turn   | Place    | Note
-------+----------+-------------------------------------------
     0 | D:1      | wormed the Octopode Transmuter began the quest for the Orb.
     0 | D:1      | Reached XP level 1. HP: 13/13 MP: 3/3
   118 | D:1      | Reached XP level 2. HP: 13/18 MP: 3/5
   554 | D:1      | Found a faded altar of an unknown god.
  1157 | D:2      | Reached XP level 3. HP: 13/23 MP: 4/6
  1228 | D:1      | Learned a level 2 spell: Wereblood
  1242 | D:2      | Found Inel's General Store.
  1280 | D:2      | Bought a scroll of identify for 22 gold pieces
  1482 | D:2      | Reached skill level 1 in Ice Magic
  1613 | D:2      | Reached XP level 4. HP: 28/28 MP: 3/7
  2279 | D:3      | Noticed Natasha
  2287 | D:3      | Killed Natasha
  2605 | D:3      | Found a shimmering blue altar of Sif Muna.
  2660 | D:3      | Noticed Natasha
  2673 | D:3      | Killed Natasha
  2674 | D:3      | Reached XP level 5. HP: 16/34 MP: 5/8
  2797 | D:3      | Learned a level 4 spell: Ice Form
  3336 | D:4      | Reached XP level 6. HP: 5/39 MP: 6/10
  3587 | D:4      | Slain by a kobold brigand

Illustrated notes

Levels and vault maps discovered:
D:1:      matt_arrival_spirals, layout_basic, hellmonk_ecumenical_altar_run_dry
D:2:      layout_basic, serial_shops, shop, dreamdust_mushroom_princess
D:3:      layout_rooms, nicolae_overflow_hidden_temple, uniq_natasha
D:4:      kennysheep_spiral_hall, layout_rooms, nicolae_hexahallways,
          uniq_edmund

Skill      XL: |  1  2  3  4  5  6 |
---------------+-------------------+-----
Ice Magic      | 1 2 |  2.1
Transmutations | 3 |  3.9
Fighting       | 2 |  2.4
Dodging        | 3 |  3.0
Unarmed Combat | |  3.8
Spellcasting   | |  2.8

Action                   |  1- 3 |  4- 6 || total
-------------------------+-------+-------++-------
Melee: Unarmed           |    57 |    87 ||   144
       Constrict         |    17 |    16 ||    33
       Tentacles         |    10 |    10 ||    20
       Punch             |     6 |     1 ||     7
       Kick              |     8 |    25 ||    33
 Cast: Beastly Appendage |    14 |    20 ||    34
       Wereblood         |     4 |    17 ||    21
       Ice Form          |       |     2 ||     2
  Use: Scroll            |     2 |     2 ||     4
       Potion            |       |     1 ||     1
 Stab: Sleeping          |     1 |     2 ||     3
Armor: Skin              |     8 |     9 ||    17
Dodge: Dodged            |    29 |    55 ||    84

Table legend: (Time is in decaauts)
 A = Elapsed time spent in this place.
 B = Non-inter-level travel time spent in this place.
 C = Inter-level travel time spent in this place.
 D = Time resting spent in this place.
 E = Time spent auto-exploring this place.
 F = Levels seen in this place.
 G = Mean time per level.
                   A        B        C        D        E       F      G
               +--------+--------+--------+--------+--------+-----+--------+
         Total |   3578 |   3503 |     75 |     11 |   2993 |   4 |  894.5 |
       Dungeon |   3578 |   3503 |     75 |     11 |   2993 |   4 |  894.5 |
               +--------+--------+--------+--------+--------+-----+--------+

Top non-repeatable levels by time:
     D:1: 1200 daAuts
     D:3: 916 daAuts
     D:2: 741 daAuts
     D:4: 719 daAuts
